Map: 공허의 출격

Players

테라진

  • Race: Zerg Zerg
  • Spawn Location: 6:00

JamesRaynor

  • Race: Terran Terran
  • Spawn Location: 6:00

VOD

Have the link to the VOD?

Description

Time

  • Played on: Sept. 20, 2017, 2:48 a.m.
  • Length: 24:11
Show
View Real Time Build Order
Export as new Build Order

테라진 Zerg 

Build Orders:  

Get SALT Encoding   

  6  0:12  Drone x2  
  6  0:18  Drone x2  
  8  0:28  Drone x2  
  9  0:38  Drone x2  
  10  0:46  Drone x2  
  11  0:54  Drone x2  
  12  1:03  Drone x2  
  12  1:09  Drone x2  
  14  1:17  Extractor  
  13  1:20  Extractor  
  13  1:21  Drone x2  
  14  1:40  Spawning Pool  
  14  1:49  Overlord  
  13  2:07  Centrifical Hooks  
  13  2:13  Baneling Nest  
  13  2:15  Swarmling x3  
  13  2:16  Swarmling x6  
  17  2:34  Drone x2  
  17  2:38  Drone x2  
  17  2:39  Overlord  
  19  3:05  Hatchery  
  19  3:19  Evolution Chamber  
  20  3:21  Metabolic Boost  
  19  3:56  Drone x4  
  20  4:11  Heroic Fortitude  
  20  4:13  Lair  
  20  4:15  Extractor  
  20  4:17  Extractor  
  21  4:21  Hatchery  
  21  4:27  Drone x2  
  24  4:51  Drone x2  
  24  4:52  Drone x6  
  28  5:05  Drone x2  
  29  5:16  Drone x2  
  32  5:25  Evolution Chamber, Hive  
  31  5:32  Scourge Nest  
  31  5:38  Drone x2  
  34  6:01  Overlord  
  34  6:02  Corrosive Acid  
  36  6:22  Drone x6  
  36  6:25  Hatchery  
  36  6:26  Drone x2  
  39  6:40  Medusa Blades  
  39  6:43  Simplified Genome  
  39  6:49  Pneumatized Carapace  
  41  7:07  Hardened Carapace  
  41  7:19  Hatchery  
  43  7:21  Zerg Melee Weapons Level 1  
  43  7:32  Rupture  
  34  7:58  Overlord  
  29  8:00  Virulent Spores  
  29  8:06  Overlord x2  
  29  8:07  Adrenal Overload  
  29  8:15  Hatchery  
  31  8:25  Overseer x2  
  32  9:06  Shredding Claws  
  34  9:28  Overlord  
  33  9:31  Zerg Ground Armor Level 1, Zerg Flyer Weapons Level 1  
  31  9:48  Overlord x3  
  33  9:50  Scourge x6  
  33  9:51  Scourge x4  
  33  9:52  Scourge x6  
  33  9:53  Scourge x4  
  33  9:55  Swarmling x24  
  33  9:56  Swarmling x6  
  33  9:58  Aberration x3  
  33  9:59  Aberration  
  61  10:20  Roach x12  
  61  10:21  Roach x8  
  57  10:37  Scourge x18  
  58  10:40  Swarmling x45  
  58  10:41  Swarmling x9  
  85  10:56  Scourge x14  
  85  10:57  Scourge x10  
  94  11:09  Scourge x2  
  87  11:10  Scourge x6  
  76  11:30  Swarmling x33  
  76  11:32  Scourge x14  
  66  11:57  Swarmling x30  
  71  12:03  Swarmling x15  
  71  12:08  Zerg Melee Weapons Level 2  
  77  12:20  Scourge x2  
  77  12:21  Scourge x4  
  77  12:25  Swarmling x3  
  77  12:26  Swarmling x15  
  83  12:54  Swarmling x3  
  83  12:55  Swarmling x15  
  68  13:19  Scourge x20  
  60  13:20  Scourge x36  
  60  13:22  Roach x8  
  60  13:23  Roach x12  
  56  14:00  Swarmling x12  
  56  14:01  Swarmling x60  
  86  14:35  Overseer x2  
  86  14:37  Overlord  
  86  14:57  Scourge x10  
  86  14:58  Swarmling x15  
  86  14:59  Zerg Flyer Weapons Level 2  
  91  15:07  Overlord  
  91  15:11  Swarmling x9  
  91  15:19  Swarmling x3  
  99  15:32  Zerg Melee Weapons Level 3  
  99  15:49  Zerg Ground Armor Level 2  
  86  16:27  Roach x10  
  86  16:28  Roach x10  
  66  16:36  Scourge x22  
  66  16:37  Scourge x14  
  58  16:44  Swarmling x3  
  58  16:45  Swarmling x36  
  72  17:01  Swarmling x21  
  72  17:02  Scourge x4  
  72  17:03  Scourge x2  
  72  17:30  Swarmling x3  
  72  17:31  Swarmling x30  
  72  17:39  Swarmling x3  
  84  17:40  Swarmling x15  
  81  17:53  Swarmling x18  
  88  18:09  Scourge x2  
  82  18:10  Scourge x30  
  79  18:32  Scourge x24  
  79  18:33  Scourge x10  
  93  18:40  Scourge x2  
  93  18:41  Scourge x8  
  80  19:02  Scourge x2  
  80  19:03  Scourge x22  
  74  19:34  Scourge x2  
  74  19:35  Scourge x16  
  74  19:39  Roach x8  
  74  19:40  Roach x12  
  74  19:41  Hatchery  
  73  19:51  Scourge x28  
  73  19:52  Scourge x14  
  94  20:11  Overseer x2  
  94  20:12  Overseer x2  
  96  20:39  Scourge x8  
  125  20:40  Scourge x6  
  93  20:56  Scourge x8  
  93  20:57  Scourge x8  
  86  21:10  Spore Crawler x2  
  86  21:11  Spore Crawler  
  86  21:17  Spore Crawler  
  85  21:21  Spore Crawler  
  85  21:26  Spore Crawler  
  85  21:27  Scourge x16  
  85  21:28  Scourge x14  
  98  21:59  Scourge x2  
  77  22:00  Scourge x34  
  77  22:01  Scourge x12  
  77  22:02  Scourge x2  
  56  23:31  Scourge x26  
  56  23:32  Scourge x38  
Show
View Real Time Build Order
Export as new Build Order

JamesRaynor Terran 

Build Orders:  

Get SALT Encoding   

  12  0:14  SCV  
Tags
 
Add a new tag
Caveats
  • Supply blocks, unpowered buildings, or Contaminate may cause inaccurate times.
  • Supply counts are checked every 10 seconds.